General information
- name: BNet
- type: Ladder team game (AT/RT)
- host: Battle.net
- saver: JakeDaFatJester
map: Deathknell
- players: 8
- length: 54:38
- speed: Fast
- version: 1.26 W3XP
- replay type: Public
» download(318 KB)
Players
team 1 (loser)
TWEEKINATOR3 (
pink | 37 APM | 1996 actions | 53:15)
7 Death Knight
3 Death Coil
3 Unholy Aura
1 Animate Dead
6 Lich
2 Frost Nova
3 Frost Armor
1 Death and Decay
1 Demon Hunter
1 Metamorphosis
» actions
| Assign group hotkey | 7 | |
| Basic commands | 1 | |
| Build / train | 70 | |
| Enter build submenu | 20 | |
| Enter hero's abilities submenu | 14 | |
| Give item / drop item | 4 | |
| Right click | 1342 | |
| Select / deselect | 422 | |
| Use ability | 116 | |
1996 total
» units
| Acolyte | 15 | |
| Ghoul | 3 | |
| Crypt Fiend | 11 | |
| Frost Wyrm | 4 | |
33 total
» upgrades
| Creature Attack | 3 | |
| Web | 1 | |
| Creature Carapace | 2 | |
6 total
» buildings
| Graveyard | 1 | |
| Crypt | 2 | |
| Altar of Darkness | 1 | |
| Ziggurat | 8 | |
| Tomb of Relics | 1 | |
| Halls of the Dead | 1 | |
| Black Citadel | 1 | |
| Sacrificial Pit | 1 | |
| Boneyard | 3 | |
| Spirit Tower | 1 | |
20 total
» build order
00:07 Graveyard
00:17 Crypt
00:19 Crypt
00:45 Altar of Darkness
00:59 Ziggurat
01:17 Tomb of Relics
01:40 Ziggurat
03:53 Halls of the Dead
05:11 Ziggurat
05:12 Ziggurat
08:24 Black Citadel
10:03 Sacrificial Pit
10:53 Ziggurat
10:54 Ziggurat
11:00 Boneyard
11:04 Boneyard
11:07 Boneyard
14:47 Ziggurat
19:26 Ziggurat
21:03 Spirit Tower
» items
| Rod of Necromancy | 2 | |
| Scroll of Town Portal | 2 | |
| Potion of Healing | 2 | |
| Potion of Mana | 1 | |
| Orb of Corruption | 1 | |
| Dust of Appearance | 1 | |
9 total

»
JusT.ThE.TiP (
red | 38 APM | 2081 actions | 54:20)
5 Demon Hunter
3 Mana Burn
2 Evasion
2 Priestess of the Moon
1 Searing Arrows
1 Trueshot Aura
» actions
| Assign group hotkey | 29 | |
| Basic commands | 217 | |
| Build / train | 108 | |
| Enter build submenu | 29 | |
| Enter hero's abilities submenu | 7 | |
| Give item / drop item | 1 | |
| Remove unit from queue | 3 | |
| Right click | 696 | |
| Select / deselect | 399 | |
| Select group hotkey | 508 | |
| Use ability | 84 | |
2081 total
» units
| Wisp | 27 | |
| Archer | 16 | |
| Druid of the Talon | 8 | |
| Chimaera | 4 | |
55 total
» upgrades
| Improved Bows | 1 | |
| Moon Armor | 2 | |
| Strength of the Moon | 2 | |
| Druid of the Talon Training | 2 | |
| Marksmanship | 1 | |
| Corrosive Breath | 1 | |
| Strength of the Wild | 2 | |
| Reinforced Hides | 2 | |
| Mark of the Talon | 1 | |
14 total
» buildings
| Altar of Elders | 1 | |
| Moon Well | 8 | |
| Ancient of War | 1 | |
| Tree of Ages | 3 | |
| Ancient of Wonders | 1 | |
| Tree of Life | 4 | |
| Hunter's Hall | 1 | |
| Ancient of Wind | 3 | |
| Ancient Protector | 4 | |
| Tree of Eternity | 2 | |
| Chimaera Roost | 3 | |
31 total
» build order
00:15 Altar of Elders
00:28 Moon Well
00:34 Ancient of War
01:20 Moon Well
02:55 Moon Well
03:51 Tree of Ages
03:58 Ancient of Wonders
05:07 Tree of Life
05:13 Hunter's Hall
05:36 Moon Well
06:37 Ancient of Wind
08:02 Ancient Protector
08:06 Ancient Protector
10:02 Moon Well
10:07 Ancient Protector
10:09 Ancient Protector
10:11 Tree of Eternity
13:11 Chimaera Roost
13:13 Chimaera Roost
13:15 Chimaera Roost
13:24 Ancient of Wind
13:29 Moon Well
19:19 Tree of Life
19:23 Moon Well
19:28 Ancient of Wind
19:35 Moon Well
20:38 Tree of Life
25:24 Tree of Life
» items
| Scroll of Town Portal | 3 | |
| Moonstone | 1 | |
| Potion of Healing | 1 | |
| Orb of Venom | 1 | |
6 total
LameChampion23 (
green | 45 APM | 2464 actions | 54:36)
10 Archmage
3 Summon Water Elemental
3 Brilliance Aura
1 Mass Teleport
3 Blizzard
» actions
| Assign group hotkey | 89 | |
| Basic commands | 271 | |
| Build / train | 105 | |
| Enter build submenu | 101 | |
| Enter hero's abilities submenu | 10 | |
| Give item / drop item | 3 | |
| Right click | 923 | |
| Select / deselect | 488 | |
| Select group hotkey | 217 | |
| Use ability | 257 | |
2464 total
» units
| Peasant | 12 | |
| Footman | 4 | |
| Goblin Shredder | 1 | |
| Goblin Sapper | 6 | |
| Gryphon Rider | 5 | |
28 total
» upgrades
| Masonry | 3 | |
| Swords | 3 | |
| Armor | 3 | |
| Animal War Training | 1 | |
| Storm Hammers | 1 | |
| Cloud | 1 | |
| Gunpowder | 2 | |
| Plating | 2 | |
| Barrage | 1 | |
| Fragmentation Shards | 1 | |
| Flare | 1 | |
| Lumber Harvesting | 1 | |
20 total
» buildings
| Altar of Kings | 1 | |
| Barracks | 1 | |
| Farm | 11 | |
| Scout Tower | 89 | |
| Arcane Tower | 1 | |
| Keep | 1 | |
| Town Hall | 6 | |
| Lumber Mill | 1 | |
| Arcane Vault | 2 | |
| Castle | 1 | |
| Guard Tower | 24 | |
| Gryphon Aviary | 4 | |
| Blacksmith | 2 | |
| Workshop | 4 | |
148 total
» build order
00:48 Altar of Kings
00:50 Barracks
00:52 Farm
00:53 Farm
01:07 Farm
01:34 Farm
01:49 Farm
02:34 Scout Tower
03:06 Arcane Tower
03:29 Keep
04:13 Town Hall
04:19 Lumber Mill
05:44 Arcane Vault
05:50 Scout Tower
05:51 Scout Tower
05:53 Scout Tower
05:54 Scout Tower
07:51 Castle
07:55 Guard Tower
09:00 Scout Tower
09:01 Scout Tower
09:02 Scout Tower
09:03 Scout Tower
09:07 Scout Tower
09:12 Scout Tower
12:15 Gryphon Aviary
12:15 Gryphon Aviary
12:15 Gryphon Aviary
12:16 Gryphon Aviary
12:18 Blacksmith
12:21 Blacksmith
13:33 Scout Tower
13:33 Scout Tower
13:34 Scout Tower
13:35 Scout Tower
13:41 Guard Tower
14:04 Scout Tower
14:04 Scout Tower
14:05 Scout Tower
14:06 Scout Tower
14:08 Scout Tower
14:09 Scout Tower
14:10 Scout Tower
14:14 Guard Tower
14:27 Farm
14:41 Guard Tower
14:43 Guard Tower
14:46 Guard Tower
14:59 Scout Tower
15:00 Scout Tower
15:00 Scout Tower
15:00 Scout Tower
15:01 Scout Tower
15:07 Scout Tower
15:08 Scout Tower
15:08 Scout Tower
15:09 Scout Tower
15:11 Scout Tower
15:37 Guard Tower
15:38 Guard Tower
15:40 Guard Tower
15:42 Guard Tower
17:05 Guard Tower
22:15 Farm
22:15 Farm
22:17 Farm
22:18 Farm
23:35 Town Hall
23:39 Scout Tower
23:40 Scout Tower
23:42 Scout Tower
23:42 Scout Tower
23:43 Scout Tower
23:43 Scout Tower
23:45 Scout Tower
23:45 Scout Tower
23:45 Scout Tower
23:46 Scout Tower
23:49 Arcane Vault
24:09 Guard Tower
24:47 Guard Tower
25:13 Guard Tower
25:42 Scout Tower
25:42 Scout Tower
25:43 Scout Tower
25:44 Scout Tower
25:44 Scout Tower
25:45 Scout Tower
25:45 Scout Tower
25:55 Scout Tower
25:56 Scout Tower
25:56 Scout Tower
25:57 Scout Tower
25:57 Scout Tower
25:58 Scout Tower
25:59 Scout Tower
26:01 Scout Tower
26:02 Scout Tower
26:03 Scout Tower
26:04 Scout Tower
26:05 Scout Tower
26:05 Scout Tower
26:07 Scout Tower
26:14 Guard Tower
26:15 Guard Tower
26:44 Guard Tower
27:14 Guard Tower
27:24 Town Hall
28:14 Scout Tower
28:15 Scout Tower
28:15 Scout Tower
28:15 Scout Tower
28:16 Scout Tower
28:17 Scout Tower
28:19 Workshop
28:19 Workshop
28:19 Workshop
28:20 Workshop
30:10 Guard Tower
34:11 Guard Tower
36:04 Town Hall
36:07 Scout Tower
36:08 Scout Tower
36:09 Scout Tower
36:09 Scout Tower
36:11 Scout Tower
36:12 Scout Tower
36:13 Scout Tower
36:14 Scout Tower
37:41 Guard Tower
38:30 Guard Tower
43:04 Town Hall
43:08 Scout Tower
43:08 Scout Tower
43:10 Scout Tower
43:11 Scout Tower
43:43 Guard Tower
46:35 Town Hall
46:43 Scout Tower
46:44 Scout Tower
46:45 Scout Tower
46:46 Scout Tower
47:17 Guard Tower
» items
| Scroll of Regeneration | 6 | |
| Mechanical Critter | 7 | |
| Scroll of Town Portal | 3 | |
| Potion of Healing | 1 | |
| Staff of Sanctuary | 1 | |
18 total

»
TickTock12 (
teal | 181 APM | 2948 actions | 16:15)
4 Blademaster
2 Wind Walk
2 Critical Strike
1 Shadow Hunter
1 Hex
» actions
| Assign group hotkey | 12 | |
| Basic commands | 86 | |
| Build / train | 97 | |
| ESC pressed | 4 | |
| Enter build submenu | 15 | |
| Enter hero's abilities submenu | 9 | |
| Give item / drop item | 2 | |
| Right click | 1036 | |
| Select / deselect | 284 | |
| Select group hotkey | 1307 | |
| Use ability | 96 | |
2948 total
» units
| Peon | 13 | |
| Grunt | 20 | |
| Troll Witch Doctor | 4 | |
| Goblin Shredder | 4 | |
| Spirit Walker | 1 | |
42 total
» upgrades
| Melee Weapons | 2 | |
| Witch Doctor Training | 2 | |
| Berserker Strength | 1 | |
| Armor | 2 | |
| Spirit Walker Training | 2 | |
9 total
» buildings
| Barracks | 1 | |
| Altar of Storms | 1 | |
| Orc Burrow | 6 | |
| Voodoo Lounge | 1 | |
| Stronghold | 3 | |
| Great Hall | 1 | |
| War Mill | 1 | |
| Fortress | 2 | |
| Spirit Lodge | 2 | |
| Tauren Totem | 2 | |
20 total
» build order
00:22 Barracks
00:26 Altar of Storms
00:33 Orc Burrow
01:46 Orc Burrow
02:55 Voodoo Lounge
04:12 Stronghold
04:13 Stronghold
04:13 Stronghold
04:45 Great Hall
05:23 Orc Burrow
05:27 War Mill
05:53 Orc Burrow
07:53 Fortress
07:56 Spirit Lodge
09:34 Spirit Lodge
10:54 Orc Burrow
11:50 Orc Burrow
12:51 Tauren Totem
12:56 Tauren Totem
» items
| Healing Salve | 6 | |
| Lesser Clarity Potion | 5 | |
| Orb of Lightning | 1 | |
| Scroll of Speed | 1 | |
| Tiny Great Hall | 6 | |
19 total
team 2 (winner)
hongmylaoto (
blue | 34 APM | 1648 actions | 47:55)
5 Death Knight
3 Death Coil
2 Unholy Aura
2 Crypt Lord
1 Impale
1 Spiked Carapace
» actions
| Assign group hotkey | 6 | |
| Build / train | 135 | |
| Enter build submenu | 47 | |
| Enter hero's abilities submenu | 7 | |
| Give item / drop item | 5 | |
| Right click | 752 | |
| Select / deselect | 593 | |
| Select group hotkey | 8 | |
| Use ability | 95 | |
1648 total
» units
| Acolyte | 29 | |
| Ghoul | 22 | |
| Goblin Shredder | 1 | |
| Frost Wyrm | 8 | |
| Flying Machine | 16 | |
| Gargoyle | 7 | |
| Mortar Team | 5 | |
| Gryphon Rider | 5 | |
| Priest | 2 | |
| Dragonhawk Rider | 2 | |
97 total
» upgrades
| Cannibalize | 1 | |
| Creature Carapace | 3 | |
| Freezing Breath | 1 | |
| Creature Attack | 1 | |
| Flying Machine Bombs | 2 | |
| Flak Cannons | 2 | |
| Fragmentation Shards | 1 | |
| Priest Training | 1 | |
| Cloud | 1 | |
13 total
» buildings
| Crypt | 4 | |
| Ziggurat | 18 | |
| Altar of Darkness | 2 | |
| Tomb of Relics | 1 | |
| Halls of the Dead | 2 | |
| Graveyard | 2 | |
| Black Citadel | 1 | |
| Sacrificial Pit | 1 | |
| Boneyard | 3 | |
| Spirit Tower | 2 | |
| Necropolis | 2 | |
| Nerubian Tower | 2 | |
| Gryphon Aviary | 1 | |
41 total
» build order
00:25 Crypt
00:28 Ziggurat
00:42 Altar of Darkness
01:12 Ziggurat
01:34 Crypt
02:12 Tomb of Relics
04:31 Ziggurat
05:02 Halls of the Dead
05:56 Graveyard
06:09 Ziggurat
07:10 Ziggurat
07:12 Ziggurat
07:14 Ziggurat
07:17 Ziggurat
08:41 Black Citadel
10:06 Sacrificial Pit
11:05 Boneyard
11:08 Boneyard
11:33 Boneyard
12:15 Spirit Tower
15:11 Ziggurat
15:17 Ziggurat
16:58 Spirit Tower
22:44 Necropolis
22:49 Ziggurat
25:02 Necropolis
25:08 Ziggurat
26:41 Halls of the Dead
27:31 Graveyard
27:36 Nerubian Tower
27:37 Nerubian Tower
27:43 Ziggurat
27:48 Ziggurat
28:22 Ziggurat
28:24 Ziggurat
28:27 Crypt
28:32 Crypt
31:22 Altar of Darkness
33:18 Gryphon Aviary
33:58 Ziggurat
33:59 Ziggurat
» items
| Rod of Necromancy | 3 | |
| Potion of Healing | 3 | |
| Potion of Mana | 2 | |
| Orb of Corruption | 1 | |
9 total
Doublemages (
yellow | 84 APM | 1613 actions | 19:05)
4 Paladin
2 Holy Light
2 Devotion Aura
2 Mountain King
1 Storm Bolt
1 Thunder Clap
» actions
| Assign group hotkey | 31 | |
| Basic commands | 127 | |
| Build / train | 84 | |
| ESC pressed | 1 | |
| Enter build submenu | 21 | |
| Enter hero's abilities submenu | 7 | |
| Remove unit from queue | 2 | |
| Right click | 407 | |
| Select / deselect | 277 | |
| Select group hotkey | 587 | |
| Use ability | 69 | |
1613 total
» units
| Peasant | 13 | |
| Rifleman | 10 | |
| Mortar Team | 2 | |
| Knight | 4 | |
| Siege Engine | 4 | |
33 total
» upgrades
| Armor | 1 | |
| Long Rifles | 1 | |
| Lumber Harvesting | 2 | |
| Animal War Training | 1 | |
| Fragmentation Shards | 2 | |
| Flare | 1 | |
| Barrage | 1 | |
9 total
» buildings
| Blacksmith | 1 | |
| Barracks | 2 | |
| Altar of Kings | 1 | |
| Farm | 10 | |
| Arcane Vault | 1 | |
| Keep | 2 | |
| Town Hall | 2 | |
| Lumber Mill | 1 | |
| Castle | 1 | |
| Workshop | 2 | |
23 total
» build order
01:00 Blacksmith
01:02 Barracks
01:06 Altar of Kings
01:09 Farm
01:13 Farm
02:22 Farm
02:57 Arcane Vault
03:04 Farm
03:45 Farm
05:22 Keep
05:22 Keep
06:17 Town Hall
06:29 Lumber Mill
07:06 Farm
08:10 Castle
08:16 Farm
10:02 Workshop
10:05 Workshop
10:09 Barracks
11:26 Farm
11:27 Farm
11:28 Farm
14:26 Town Hall
» items
| Scroll of Town Portal | 2 | |
| Lesser Clarity Potion | 2 | |
| Potion of Mana | 1 | |
| Potion of Healing | 4 | |
| Scroll of Regeneration | 1 | |
10 total
JakeDaFatJester (
orange | 83 APM | 4515 actions | 54:38)
8 Archmage
3 Summon Water Elemental
3 Brilliance Aura
1 Mass Teleport
1 Blizzard
» actions
| Assign group hotkey | 147 | |
| Basic commands | 130 | |
| Build / train | 212 | |
| ESC pressed | 29 | |
| Enter build submenu | 47 | |
| Enter hero's abilities submenu | 8 | |
| Give item / drop item | 3 | |
| Right click | 2157 | |
| Select / deselect | 523 | |
| Select group hotkey | 956 | |
| Use ability | 303 | |
4515 total
» units
| Peasant | 15 | |
| Footman | 6 | |
| Goblin Zeppelin | 2 | |
| Goblin Shredder | 1 | |
| Gryphon Rider | 13 | |
| Goblin Sapper | 14 | |
| Dragonhawk Rider | 3 | |
| Knight | 1 | |
55 total
» upgrades
| Masonry | 3 | |
| Swords | 3 | |
| Armor | 3 | |
| Animal War Training | 1 | |
| Storm Hammers | 2 | |
| Defend | 1 | |
| Cloud | 1 | |
| Plating | 3 | |
| Gunpowder | 3 | |
| Backpack | 1 | |
| Lumber Harvesting | 2 | |
| Long Rifles | 1 | |
24 total
» buildings
| Altar of Kings | 1 | |
| Barracks | 1 | |
| Farm | 9 | |
| Lumber Mill | 1 | |
| Arcane Vault | 1 | |
| Town Hall | 6 | |
| Scout Tower | 25 | |
| Guard Tower | 48 | |
| Keep | 5 | |
| Arcane Tower | 4 | |
| Castle | 5 | |
| Gryphon Aviary | 2 | |
| Blacksmith | 1 | |
109 total
» build order
01:05 Altar of Kings
01:10 Barracks
01:15 Farm
01:18 Farm
01:33 Farm
02:06 Lumber Mill
02:19 Arcane Vault
02:48 Farm
03:44 Farm
04:10 Town Hall
04:13 Scout Tower
04:14 Scout Tower
04:15 Scout Tower
04:17 Scout Tower
04:20 Scout Tower
05:04 Guard Tower
05:05 Guard Tower
05:05 Guard Tower
05:06 Guard Tower
05:26 Farm
05:31 Guard Tower
05:32 Guard Tower
05:32 Guard Tower
05:32 Guard Tower
05:47 Keep
05:47 Keep
05:47 Keep
06:17 Scout Tower
06:18 Scout Tower
06:20 Scout Tower
06:58 Arcane Tower
06:59 Arcane Tower
06:59 Guard Tower
06:59 Guard Tower
06:59 Guard Tower
07:00 Guard Tower
07:55 Scout Tower
08:13 Castle
08:13 Castle
08:13 Castle
08:15 Gryphon Aviary
08:40 Gryphon Aviary
09:07 Guard Tower
09:07 Guard Tower
09:07 Guard Tower
09:08 Guard Tower
09:09 Guard Tower
09:10 Guard Tower
09:10 Guard Tower
09:14 Blacksmith
11:09 Guard Tower
11:09 Guard Tower
11:10 Guard Tower
11:31 Arcane Tower
11:32 Arcane Tower
12:12 Farm
12:13 Farm
12:17 Farm
19:17 Scout Tower
19:18 Scout Tower
19:28 Scout Tower
19:29 Scout Tower
19:33 Scout Tower
19:36 Scout Tower
19:38 Scout Tower
19:44 Scout Tower
19:44 Scout Tower
19:45 Scout Tower
19:46 Scout Tower
19:48 Scout Tower
19:54 Scout Tower
19:56 Scout Tower
19:59 Guard Tower
20:00 Guard Tower
20:11 Guard Tower
20:12 Guard Tower
20:12 Guard Tower
20:12 Guard Tower
20:14 Guard Tower
20:15 Guard Tower
20:15 Guard Tower
20:17 Guard Tower
20:32 Scout Tower
20:33 Scout Tower
20:52 Guard Tower
20:52 Guard Tower
20:52 Guard Tower
22:44 Guard Tower
22:44 Guard Tower
25:22 Town Hall
38:47 Town Hall
44:04 Town Hall
44:54 Town Hall
45:05 Town Hall
» items
| Scroll of Regeneration | 8 | |
| Mechanical Critter | 3 | |
| Ivory Tower | 8 | |
| Scroll of Town Portal | 3 | |
| Staff of Sanctuary | 1 | |
| Scroll of Healing | 1 | |
| Orb of Corruption | 1 | |
| Potion of Healing | 1 | |
26 total

»
trainer_03 (
purple | 53 APM | 1734 actions | 32:36)
4 Mountain King
2 Storm Bolt
2 Bash
3 Paladin
2 Holy Light
1 Divine Shield
» actions
| Assign group hotkey | 32 | |
| Build / train | 101 | |
| Enter build submenu | 40 | |
| Enter hero's abilities submenu | 7 | |
| Give item / drop item | 2 | |
| Remove unit from queue | 5 | |
| Right click | 842 | |
| Select / deselect | 439 | |
| Select group hotkey | 173 | |
| Use ability | 93 | |
1734 total
» units
| Peasant | 15 | |
| Footman | 4 | |
| Rifleman | 6 | |
| Mortar Team | 5 | |
| Sorceress | 11 | |
| Priest | 2 | |
| Siege Engine | 11 | |
54 total
» upgrades
| Magic Sentry | 1 | |
| Long Rifles | 1 | |
| Sorceress Training | 2 | |
| Priest Training | 1 | |
| Flare | 1 | |
| Lumber Harvesting | 1 | |
| Barrage | 1 | |
8 total
» buildings
| Altar of Kings | 1 | |
| Farm | 11 | |
| Barracks | 1 | |
| Scout Tower | 10 | |
| Lumber Mill | 1 | |
| Arcane Tower | 2 | |
| Arcane Vault | 1 | |
| Guard Tower | 10 | |
| Keep | 1 | |
| Blacksmith | 1 | |
| Arcane Sanctum | 4 | |
| Workshop | 2 | |
| Town Hall | 3 | |
| Cannon Tower | 1 | |
| Castle | 1 | |
50 total
» build order
00:12 Altar of Kings
00:15 Farm
00:55 Farm
01:22 Barracks
01:32 Scout Tower
01:45 Lumber Mill
02:04 Farm
02:09 Arcane Tower
02:23 Arcane Vault
02:40 Farm
03:23 Scout Tower
03:39 Farm
03:51 Scout Tower
04:03 Guard Tower
04:11 Keep
04:21 Guard Tower
04:28 Farm
04:41 Blacksmith
05:09 Scout Tower
05:36 Guard Tower
05:39 Farm
07:57 Arcane Sanctum
07:58 Workshop
08:02 Arcane Sanctum
08:36 Arcane Sanctum
09:07 Arcane Sanctum
09:56 Farm
10:28 Scout Tower
10:36 Scout Tower
10:59 Guard Tower
11:03 Guard Tower
12:33 Scout Tower
13:09 Guard Tower
13:24 Town Hall
13:34 Arcane Tower
13:37 Guard Tower
13:39 Cannon Tower
13:46 Scout Tower
13:47 Scout Tower
13:48 Scout Tower
14:24 Guard Tower
14:45 Guard Tower
15:15 Guard Tower
16:54 Castle
18:34 Workshop
19:33 Farm
20:18 Farm
23:12 Town Hall
29:23 Town Hall
30:22 Farm
» items
| Scroll of Regeneration | 2 | |
| Lesser Clarity Potion | 1 | |
| Ivory Tower | 5 | |
| Scroll of Town Portal | 2 | |
| Orb of Fire | 1 | |
11 total
Chat log
(00:20 / Allies) Doublemages: hey units?
(00:30 / Allies) JakeDaFatJester: yeah
(00:41 / All) JakeDaFatJester: damn this game better end soonn iggaz i need to watch jeopardy
(00:52 / All) trainer_03: you too?
(00:59 / All) trainer_03: ALEX
(01:03 / All) JakeDaFatJester: yea i watch jeopardy with my family every day
(01:04 / All) LameChampion23: I needa watch Mike and Molly and my soap reruns
(01:05 / All) TWEEKINATOR3: i feel like an old fuck
(01:06 / All) JakeDaFatJester: i am a jake
(01:12 / All) TWEEKINATOR3: if i watch that shit esp on a saturday
(01:27 / All) JakeDaFatJester: i am fat and have lots of time
(01:29 / All) JakeDaFatJester: i live with my family
(01:33 / All) TWEEKINATOR3: same
(01:35 / All) TWEEKINATOR3: but still
(01:40 / All) LameChampion23: I sell wow gold for amazon credit
(01:44 / All) TWEEKINATOR3: LOL
(01:53 / All) JakeDaFatJester: wow really, me too
(02:00 / All) JakeDaFatJester: have a full sevrer of 100s with garrisons
(02:09 / All) TickTock12: i thunk wow is dead
(02:14 / All) JakeDaFatJester: u can make money with it
(02:21 / All) LameChampion23: no I buy jrpgs with the credit I get from wow gold
(02:28 / All) JakeDaFatJester: i buy anime
(02:30 / All) LameChampion23: I jack off to it 3 times a day
(02:41 / All) JakeDaFatJester: do u like goku hentai?
(02:52 / All) JakeDaFatJester: its my personal fav
(02:54 / All) LameChampion23: I like to see him pound bulma
(06:55 / Allies) JakeDaFatJester: orc
(09:45 / Allies) Doublemages: out
(13:38 / All) TWEEKINATOR3: il tp
(13:47 / Allies) Doublemages: lumbner\
(13:57 / Allies) Doublemages: lumber plz
(14:17 / Allies) Doublemages: lumber plz
(15:54 / All) TWEEKINATOR3: no beetle
(15:56 / All) TWEEKINATOR3: but a shade huh
(16:17 / All) JakeDaFatJester: lol
(16:19 / All) JakeDaFatJester: total noob teal
(16:26 / All) JakeDaFatJester: but he was tryhard
(17:29 / Allies) Doublemages: ready to tp
(19:07 / All) TWEEKINATOR3: gg
(19:23 / All) JakeDaFatJester: yeah time for you to leave, you lost :'
(19:25 / All) JakeDaFatJester: :'(
(19:31 / All) TWEEKINATOR3: funny
(21:07 / All) JakeDaFatJester: out
(21:51 / All) LameChampion23: oh I never killed my 2 footies
(22:29 / Allies) trainer_03: i got some aa now should be good to defend
(22:31 / All) JakeDaFatJester: good micro pink
(22:35 / Allies) JakeDaFatJester: nice
(23:39 / Allies) trainer_03: going tooj
(24:35 / All) LameChampion23: fuarking tanks mang
(24:41 / All) JakeDaFatJester: out noob
(24:47 / All) JakeDaFatJester: get fucked up trash
(27:54 / Allies) JakeDaFatJester: tp?
(28:08 / Allies) JakeDaFatJester: purp tp?
(28:14 / Allies) trainer_03: we can
(28:17 / Allies) trainer_03: na
(28:45 / Allies) trainer_03: now
(28:59 / Allies) trainer_03: uh oh lol
(29:05 / Allies) JakeDaFatJester: wtf was that
(29:09 / Allies) JakeDaFatJester: they attacked but didn't attack?
(29:12 / Allies) JakeDaFatJester: that's a weird attack
(29:19 / Allies) JakeDaFatJester: you don't attack then not attack, this is not how to attack in 4v4
(29:55 / Allies) trainer_03: follow blue
(30:04 / Allies) hongmylaoto: seind in tank s
(30:30 / Allies) trainer_03: cloud?
(30:40 / Allies) JakeDaFatJester: yeah
(30:54 / Allies) trainer_03: tjhan use it
(31:10 / Allies) JakeDaFatJester: hit purple
(31:23 / Allies) trainer_03: cloud than shit i shouldnt lose tanks
(31:30 / Allies) JakeDaFatJester: k
(31:34 / Allies) trainer_03: not the hall
(31:35 / Allies) JakeDaFatJester: clouded for u
(31:38 / Allies) JakeDaFatJester: what do u mean?
(31:58 / All) trainer_03: gg
(32:01 / All) TWEEKINATOR3: LOL
(32:02 / All) TWEEKINATOR3: WTF
(32:03 / All) trainer_03: lol
(32:14 / All) TWEEKINATOR3: OJ
(32:15 / All) JakeDaFatJester: what you laughing at buddy?
(32:16 / All) TWEEKINATOR3: WTF U DOIN?LOL
(32:21 / All) JakeDaFatJester: I'm killing the enemy
(32:27 / All) TWEEKINATOR3: LOL?
(32:32 / All) JakeDaFatJester: ?
(32:36 / All) JakeDaFatJester: I'm just fighting the enemy
(32:37 / All) TWEEKINATOR3: i mean ok
(32:40 / All) TWEEKINATOR3: ROFL
(32:41 / All) JakeDaFatJester: in 4v4 u fight the enemies
(32:42 / All) TWEEKINATOR3: alrighty then
(32:46 / All) TWEEKINATOR3: yes correct
(32:49 / All) TWEEKINATOR3: do your thing
(32:56 / All) TWEEKINATOR3: i support your decision 100%
(32:57 / All) JakeDaFatJester: Teams are a social construct, you can still have enemies that are on your team
(33:00 / All) JakeDaFatJester: it doesn't mean anything
(33:04 / All) JakeDaFatJester: you support tking?
(33:05 / All) TWEEKINATOR3: true that..
(33:09 / All) TWEEKINATOR3: depends
(33:13 / All) TWEEKINATOR3: if they deserve it?
(33:19 / Allies) JakeDaFatJester: let's hit
(33:23 / All) TWEEKINATOR3: U N GREEN friends?
(33:28 / All) JakeDaFatJester: no?
(33:58 / All) LameChampion23: time to die for good chink
(34:02 / Allies) JakeDaFatJester: gogoggo
(40:14 / All) JakeDaFatJester: AWAY, PINK
(40:17 / All) JakeDaFatJester: YOU SHALL NOT PASS!
(40:55 / Allies) hongmylaoto: hit exp or you wait to die
(41:09 / Allies) JakeDaFatJester: I don't think green does units much
(41:26 / Allies) hongmylaoto: kill his exp
(41:29 / Allies) hongmylaoto: or youdie
(41:30 / Allies) JakeDaFatJester: hmmm
(41:52 / All) LameChampion23: had formation on somehow
(43:25 / All) JakeDaFatJester: I CAN BE EVERYWHERE
(43:27 / All) JakeDaFatJester: DO ANYTHING
(45:01 / Allies) hongmylaoto: mass tele man
(45:03 / Allies) hongmylaoto: you stayther
(45:06 / Allies) JakeDaFatJester: yeah
(45:13 / Allies) JakeDaFatJester: totally man
(45:17 / Allies) hongmylaoto: they will be sttong
(45:20 / Allies) hongmylaoto: mass tele
(45:22 / Allies) hongmylaoto: now
(46:32 / Allies) JakeDaFatJester: is this good use of your time hoping for a win?
(46:41 / Allies) JakeDaFatJester: 318-14
(47:06 / Allies) hongmylaoto: he tower and you dont tower
(47:08 / Allies) hongmylaoto: lose
(47:16 / Allies) JakeDaFatJester: stfu
(47:33 / Allies) hongmylaoto: dubmasss
(47:37 / Allies) JakeDaFatJester: YOU LOSE
(48:01 / All) LameChampion23: well well
(48:03 / All) LameChampion23: bad news for you two
(48:56 / All) JakeDaFatJester: guess jake has been busy with diablo 3
(49:16 / All) LameChampion23: now he can sell purples for amazon cred
(50:08 / All) LameChampion23: WHAT'S THIS?
(50:12 / All) JakeDaFatJester: went to come down from the top but not even necessary
(50:15 / All) LameChampion23: VIOLENCE AGAINST THE GREAT LORD FARSANKY?
(50:38 / All) TWEEKINATOR3: well
(50:44 / All) TWEEKINATOR3: afk gonna go watch the game
(50:46 / All) JakeDaFatJester: glad you like tks pink
(50:50 / All) TWEEKINATOR3: you 2 have fun afking as well
(50:53 / All) JakeDaFatJester: now you get to experience another one
(53:39 / All) JakeDaFatJester: Red 56-37
(54:23 / All) LameChampion23: lol
(54:25 / All) LameChampion23: they made it easya
(54:26 / All) JakeDaFatJester: who loses? I say your team'
(54:30 / All) LameChampion23: who lose my team?
(54:31 / All) LameChampion23: aight
(54:32 / All) JakeDaFatJester: my team was noobs